← All builds
Geo sea / Legion / Economy first / OBSERVED BUILD

Standard geo sea

Legion Geo sea build order · Supreme Isthmus

The role's baseline: bot lab reclaimed for metal, shipyard built in the cove, Syracusia and Geothermal Powerplant on normal timing, transitioning into Argonaut and other naval units to contest the sea for the rest of the game.

Usually shipyard in the cove (94%) · geo on time (61%)

#naval #eco · 61 distinct matches · 29 players · 72% of Legion Geo sea games · team won 50% of 62 · Recently observed

HOW TO PLAY IT

Key timing: Shipyard by 3:06

  1. Open with mex and solar, then put down Legion Bot Lab for reclaim.
  2. Build Legion Bot Lab early, planning to eat it for metal.
  3. Build shipyard and reclaim the bot lab into the sea economy.
  4. Eat the Legion Bot Lab at 3:12 to fund early sea units.
  5. Add Syracusia then geothermal, transition into Argonaut-led sea army.

Phase by phase

TYPICAL OF ITS 61 GAMES
  1. 1
  2. 2
  3. 3
  4. 4
PLAY THE OPENING

Follow the example game's first 6:00 step by step: what to build now, what comes next, and where it goes. At 1× it keeps pace with your own game.

  1. 1

    Up to the Legion Bot Lab

    Economy
    • Metal Extractor3Mex
    • Wind Turbine3Wind
    Order
    1. Legion Bot LabLegion Bot Lab after 3 mex, 3 winddone ~1:12, middle half 1:05–1:26

    Some games also: wind for allies (40%)

    By 0:55 in all: 3 mex · 3 wind

    The example game in this phase · 5 steps
    1. Mex ×2
    2. Wind
    3. Mex
    4. Wind ×2
    5. Legion Bot LabLegion Bot Labdone 1:04 · typical 1:12
  2. 2

    Legion Bot Lab to Shipyard

    Economy
    • Metal Extractor1Mex
    Order
    1. ShipyardShipyard after 4 mex, 4 wind, 1 con turretdone ~3:16, middle half 2:41–3:35
    Builders
    • Zagreus3 Zagreus
    • Legion Construction Bot3 Legion Construction Bot

    Some games also: wind (50%) · con turret (50%) · Toxotai (39%) · wind for allies (35%) · Goblin (31%)

    By 2:43 in all: 4 mex · 4 wind

    The example game in this phase · 16 steps
    1. ZagreusZagreus
    2. Wind ×3
    3. Windfor Air
    4. ZagreusZagreus
    5. Legion Construction BotLegion Construction Bot
    6. ZagreusZagreus
    7. Con turret
    8. Legion Construction BotLegion Construction Bot
    9. Mex
    10. ToxotaiToxotai
    11. Windfor Air
    12. ToxotaiToxotai
    13. Legion Construction BotLegion Construction Bot ×2
    14. Converter ×2
    15. Mex
    16. ShipyardShipyarddone 3:25 · typical 3:16
  3. 3

    Shipyard to 5:00

    Economy
    • Metal Extractor4Mex
    • Wind Turbine2Wind
    Order
    1. Legion Bot LabEat Legion Bot Lab
    Builders
    • Construction Ship1 Con ship
    Army
    • Argonaut2 Argonaut
    • Syracusia1 Syracusia
    Other
    • Radar Tower1 Radar Tower

    Some games also: Pharos (50%) · Hippocampus (39%) · submarine (39%) · converter (37%)

    By 5:00 in all: 8 mex · 6 wind · 1 energy storage · 1 con turret

    The example game in this phase · 20 steps
    1. Converter
    2. Construction ShipCon ship
    3. Radar TowerRadar Tower
    4. KeteaSubmarine
    5. Mex
    6. ArgonautArgonaut
    7. Legion Bot LabEat Legion Bot Labreclaimed for its metal
    8. Wind
    9. Mex
    10. Radar TowerRadar Tower
    11. ArgonautArgonaut
    12. Mex
    13. Wind
    14. BrambleBramble
    15. SyracusiaSyracusiadone 5:36 · typical 5:32
    16. BrambleBramble
    17. Naval Radar / Sonar TowerNaval Radar / Sonar Tower
    18. Energy storage
    19. Wind
    20. Mex
  4. 4

    5:00 to 10:00

    Economy
    • Metal Extractor2Mex
    • Wind Turbine12Wind
    • Energy Converter3Converter
    Order
    1. Geothermal PowerplantGeo after 9 mex, 8 wind, 1 solarin 52% of games
    Builders
    • Construction Turret1 Con turret
    • Dionysus1 Dionysus
    Army
    • Pharos2 Pharos
    • Legion Drone8 Legion Drone
    • Syracusia3 Syracusia
    • Argonaut3 Argonaut

    Some games also: con ship (48%) · Bramble (42%)

    By 10:00 in all: 10 mex · 18 wind · 1 geo · 5 converter · 1 energy storage · 2 con turret

    The example game in this phase · 139 steps
    1. BrambleBramble
    2. Converter
    3. Wind
    4. Mex
    5. Legion DroneLegion Drone
    6. Wind
    7. DionysusDionysus
    8. IapetusIapetus
    9. Legion DroneLegion Drone
    10. Radar TowerRadar Tower
    11. Wind
    12. PharosPharos
    13. SyracusiaSyracusia
    14. Wind
    15. PharosPharos
    16. Legion DroneLegion Drone
    17. SyracusiaSyracusia
    18. Wind
    19. Legion DroneLegion Drone
    20. PharosPharos
    21. Wind
    22. Legion DroneLegion Drone ×2
    23. DionysusDionysus
    24. Wind
    25. DionysusDionysus
    26. Legion DroneLegion Drone
    27. Naval Radar / Sonar TowerNaval Radar / Sonar Tower
    28. PharosPharos
    29. IapetusIapetus
    30. Wind
    31. Advanced Metal ExtractorT2 mexdone 9:09 · typical 9:19
    32. ArgonautArgonaut
    33. SyracusiaSyracusia
    34. Wind ×2
    35. Legion DroneLegion Drone
    36. IapetusIapetus
    37. Con turret
    38. Wind
    39. Advanced Metal ExtractorT2 mex
    40. SyracusiaSyracusia
    41. Legion DroneLegion Drone
    42. Con turret
    43. Mex
    44. BrambleBramble
    45. Naval Radar / Sonar TowerNaval Radar / Sonar Tower
    46. Wind ×2
    47. BrambleBramble
    48. Wind
    49. Advanced Metal ExtractorT2 mex
    50. Wind ×2
    51. Legion DroneLegion Drone
    52. ArgonautArgonaut
    53. Wind ×3
    54. Naval Radar / Sonar TowerNaval Radar / Sonar Tower
    55. Wind ×4
    56. Legion DroneLegion Drone
    57. Wind
    58. PharosPharos
    59. Wind ×2
    60. Con turret
    61. Wind
    62. Con turret
    63. ArgonautArgonaut
    64. Advanced Metal ExtractorT2 mex
    65. Wind ×4
    66. PharosPharos
    67. Wind ×2
    68. ArgonautArgonaut
    69. Wind ×2
    70. IapetusIapetus
    71. Wind ×4
    72. SyracusiaSyracusia
    73. Wind ×2
    74. PharosPharos
    75. Wind
    76. Legion DroneLegion Drone
    77. Wind
    78. Legion DroneLegion Drone
    79. Wind ×2
    80. Legion DroneLegion Drone ×2
    81. Wind
    82. Legion DroneLegion Drone
    83. Wind ×4
    84. Legion DroneLegion Drone
    85. Wind ×2
    86. PharosPharos
    87. Wind
    88. Advanced Metal ExtractorT2 mex
    89. Wind
    90. Construction ShipCon ship
    91. Wind
    92. Legion DroneLegion Drone
    93. Wind
    94. Naval Construction Turret
    95. Wind
    96. Naval Construction Turret
    97. Wind ×2
    98. PharosPharos
    99. Advanced ShipyardAdvanced Shipyarddone 13:28
    100. Wind ×2
    101. DionysusDionysus
    102. Advanced Construction SubmarineAdvanced Construction Submarine
    103. Wind ×2
    104. PharosPharos
    105. DionysusDionysus
    106. Wind ×2
    107. Advanced Metal ExtractorT2 mex
    108. Legion DroneLegion Drone ×3
    109. Wind ×2
    110. Naval Radar / Sonar TowerNaval Radar / Sonar Tower
    111. Advanced Construction SubmarineAdvanced Construction Submarine
    112. Wind ×3
    113. Legion DroneLegion Drone
    114. ArchiteuthisArchiteuthisdone 14:24
    115. Wind ×3
    116. Dragon's TeethDragon's Teeth
    117. Advanced Underwater Metal ExtractorAdvanced Underwater Metal Extractordone 14:36
    118. Dragon's TeethDragon's Teeth
    119. Wind
    120. Dragon's TeethDragon's Teeth ×2
    121. Wind
    122. ArchiteuthisArchiteuthis
    123. Wind ×2
    124. Dragon's TeethDragon's Teeth
    125. Wind
    126. Dragon's TeethDragon's Teeth
    127. Wind ×2
    128. Dragon's TeethDragon's Teeth
    129. Wind
    130. Dragon's TeethDragon's Teeth
    131. Advanced Geothermal PowerplantAdvanced Geothermal Powerplantnot finished by 15:00
    132. Advanced Underwater Metal ExtractorAdvanced Underwater Metal Extractor
    133. ArchiteuthisArchiteuthis
    134. Wind
    135. Dragon's TeethDragon's Teeth
    136. Wind ×2
    137. Dragon's TeethDragon's Teeth ×2
    138. Wind ×2
    139. Legion DroneLegion Drone

Counts are medians over the build's games: half of them build more, half fewer. The example game is sirniho's (38 OS, 04/09/2026); pick another.

Team trades

IN AT LEAST 30% OF ITS GAMES

You hand over

  • Wind Turbine2 Wind to Airfirst at 1:43 · in 71% of games

You get

  • Finch1 Finch from Airfirst at 1:54 · in 60% of games
  • Hercules1 Light transport from Airfirst at 2:07 · in 44% of games
  • Advanced Construction Bot1 T2 con bot from Techfirst at 7:30 · in 76% of games

How it plays out

Typical game of this build, running totals by minute

Metal produced

010k20k30k
0:005:0010:0015:00

metal

Enemy metal destroyed

05k10k
0:005:0010:0015:00

metal

Own metal lost

02k4k6k
0:005:0010:0015:00

metal

62 games.

Show as table
ByMetal produced: This buildEnemy metal destroyed: This buildOwn metal lost: This build
1:0039500
2:0092800
3:00158400
4:002862020
5:00400714151
6:005382368122
7:006821653293
8:0084801476618
9:001020321361075
10:001218127191316
11:001471838851925
12:001776447562321
13:002035856932976
14:002344268464128
15:002727684014628
WHAT THE NUMBERS SAY

Standard sea opener with heavy early metal from eating the bot lab, but team still won well under half.

  • + Produces far more metal than enemy destroys by 5:00 (3995 vs 183).
  • − Team only won 41% of games despite the strong economy lead.
THE EXAMPLE YOU ARE READING

sirniho

38.2 OS · 04/09/2026

Open source match ↗

3 received units · includes a constructor
311 metal received · 50252 energy received

Allied construction assistance is unknown. Timings are observations, not a promise of solo reproducibility.

Typical milestones

Legion Bot Lab1:12Middle 50%: 1:05–1:26 · n=61
Shipyard3:16Middle 50%: 2:41–3:35 · n=62
Syracusia5:32Middle 50%: 4:58–6:11 · n=62
Geothermal Powerplant7:37Middle 50%: 6:54–9:04 · n=40
Advanced Metal Extractor9:19Middle 50%: 8:34–9:47 · n=45

Played most by

KingBenjai9games of this buildsirniho9games of this buildRysica5games of this buildJesterB4games of this buildQwertylololo4games of this build